← All builds
Suicide front / Armada / Factory first / OBSERVED BUILD

Standard suicide front

The role's default: factory first (mostly Bot Lab), pushing Rocketeer-led bot play into the middle to contest and hold the front, with an Advanced Metal Extractor around 9:36 as the natural transition.

Usually lab first (63%)

#raid #push · 1291 distinct matches · 127 players · 71% of Armada Suicide front games · team won 59% of 1529 · Recently observed

HOW TO PLAY IT

Key timing: Bot Lab by 0:20

  1. Open with mex and wind, drop Bot Lab immediately.
  2. Push out first "Centurion" as Pond's boost lands.
  3. Send "Rocketeer", "Centurion", "Pawn" mix to contest middle.
  4. Add Dragon's Teeth and Sentries to hold the line.
  5. Get Advanced Metal Extractor up as T2 nears.

Phase by phase

TYPICAL OF ITS 1291 GAMES
  1. 1
  2. 2
  3. 3
PLAY THE OPENING

Follow the example game's first 6:00 step by step: what to build now, what comes next, and where it goes. At 1× it keeps pace with your own game.

  1. 1

    Bot Lab first

    Order
    1. Bot LabBot Lab done ~0:20, middle half 0:20–0:33

    Some games also: mex (36%)

  2. 2

    Bot Lab to 5:00

    Economy
    • Metal Extractor5Mex
    • Wind Turbine4Wind
    Builders
    • Construction Bot3 Con bot
    • Lazarus2 Lazarus
    Army
    • Sentry4 Sentry
    • Rocketeer17 Rocketeer
    • Tick2 Tick
    • Centurion1 Centurion
    Other
    • Radar Tower1 Radar Tower

    Some games also: con turret (35%) · pawn (32%)

    By 5:00 in all: 5 mex · 4 wind

    The example game in this phase · 38 steps
    1. TickTick ×2
    2. Construction BotCon bot ×2
    3. LazarusLazarus ×2
    4. Mex
    5. Construction BotCon bot
    6. SentrySentry
    7. Radar TowerRadar Tower
    8. RocketeerRocketeer
    9. Mex
    10. BeamerBeamer
    11. RocketeerRocketeer ×2
    12. BeamerBeamer
    13. Mex
    14. BeamerBeamer
    15. RocketeerRocketeer ×2
    16. Mex
    17. Wind
    18. RocketeerRocketeer ×3
    19. Wind
    20. BeamerBeamer
    21. RocketeerRocketeer
    22. Wind
    23. RocketeerRocketeer ×2
    24. Construction BotCon bot
    25. Wind
    26. Radar TowerRadar Tower
    27. Con turret
    28. LazarusLazarus
    29. Wind
    30. RocketeerRocketeer ×2
    31. Wind
    32. RocketeerRocketeer
    33. Energy storage
    34. RocketeerRocketeer
    35. Wind
    36. GauntletGauntletnot finished by 15:00
    37. RocketeerRocketeer
    38. Wind
  3. 3

    5:00 to 10:00

    Economy
    • Metal Extractor1Mex
    • Wind Turbine17Wind
    Builders
    • Construction Turret2 Con turret
    • Lazarus2 Lazarus
    • Construction Bot1 Con bot
    Army
    • Sentry1 Sentry
    • Rocketeer8 Rocketeer
    • Pawn1 Pawn

    Some games also: tick (47%) · energy storage (46%) · Radar Tower (46%) · centurion (45%) · Beamer (39%)

    By 10:00 in all: 6 mex · 23 wind · 1 energy storage · 3 con turret

    The example game in this phase · 201 steps
    1. Wind
    2. RocketeerRocketeer
    3. PounderPounder
    4. Wind
    5. RocketeerRocketeer
    6. GauntletGauntlet
    7. Wind
    8. Construction BotCon bot
    9. Wind ×2
    10. RocketeerRocketeer
    11. Wind
    12. Construction BotCon bot
    13. Wind
    14. Con turret
    15. LazarusLazarus
    16. Wind
    17. Dragon's TeethDragon's Teeth ×2
    18. RocketeerRocketeer
    19. Dragon's TeethDragon's Teeth ×2
    20. Wind
    21. Construction BotCon bot
    22. Dragon's TeethDragon's Teeth ×2
    23. TickTick
    24. Dragon's TeethDragon's Teeth ×3
    25. TickTick
    26. Dragon's TeethDragon's Teeth ×2
    27. TickTick
    28. Dragon's TeethDragon's Teeth
    29. TickTick
    30. Dragon's TeethDragon's Teeth
    31. Wind
    32. TickTick
    33. Dragon's TeethDragon's Teeth
    34. BeamerBeamer
    35. Dragon's TeethDragon's Teeth ×2
    36. TickTick ×2
    37. Wind
    38. TickTick ×4
    39. Wind
    40. TickTick ×2
    41. Wind
    42. TickTick
    43. Con turret
    44. TickTick
    45. SentrySentry
    46. Wind
    47. TickTick
    48. Wind
    49. RocketeerRocketeer
    50. BeamerBeamer
    51. Wind
    52. RocketeerRocketeer
    53. SentrySentry
    54. Con turret
    55. Wind
    56. RocketeerRocketeer
    57. SentrySentry
    58. Con turret
    59. RocketeerRocketeer
    60. Wind ×2
    61. RocketeerRocketeer
    62. Con turret
    63. Converter
    64. RocketeerRocketeer
    65. Converter
    66. Wind
    67. RocketeerRocketeer ×2
    68. Converter
    69. RocketeerRocketeer ×2
    70. Wind
    71. Converter ×2
    72. TickTick ×2
    73. Wind
    74. TickTick
    75. Converter
    76. TickTick ×5
    77. Converter
    78. TickTick ×4
    79. Advanced Metal ExtractorT2 mexdone 10:02
    80. Wind
    81. TickTick
    82. Converter
    83. TickTick ×4
    84. LazarusLazarus
    85. Wind
    86. LazarusLazarus
    87. TickTick ×3
    88. Advanced Metal ExtractorT2 mex
    89. TickTick ×3
    90. Wind
    91. TickTick ×5
    92. Advanced Metal ExtractorT2 mex
    93. Dragon's TeethDragon's Teeth
    94. TickTick
    95. Dragon's TeethDragon's Teeth ×3
    96. TickTick
    97. Dragon's TeethDragon's Teeth ×2
    98. Con turret
    99. Wind
    100. Dragon's TeethDragon's Teeth
    101. TickTick
    102. Dragon's TeethDragon's Teeth
    103. TickTick ×8
    104. Wind ×2
    105. TickTick ×2
    106. Wind
    107. Advanced Metal ExtractorT2 mex
    108. TickTick ×2
    109. Wind
    110. TickTick ×2
    111. Wind ×2
    112. TickTick
    113. Wind
    114. TickTick
    115. Wind
    116. Con turret
    117. TickTick
    118. Wind
    119. TickTick
    120. Wind
    121. Advanced Metal ExtractorT2 mex
    122. TickTick ×2
    123. Wind
    124. TickTick ×2
    125. Wind
    126. TickTick
    127. Con turret
    128. TickTick
    129. Wind
    130. TickTick
    131. Wind ×2
    132. TickTick ×2
    133. Wind
    134. TickTick ×2
    135. Wind
    136. Con turret
    137. TickTick
    138. PersecutorPersecutordone 13:02
    139. TickTick
    140. Wind
    141. TickTick
    142. Wind ×2
    143. TickTick
    144. Wind
    145. TickTick
    146. Con turret
    147. TickTick
    148. Wind
    149. TickTick
    150. Wind
    151. TickTick
    152. Wind ×2
    153. Con turret
    154. TickTick
    155. Wind
    156. TickTick ×2
    157. Wind
    158. Con turret
    159. TickTick
    160. Fusion ReactorFusiondone 13:57
    161. TickTick
    162. Wind
    163. TickTick
    164. Wind
    165. TickTick
    166. Wind ×2
    167. TickTick
    168. Wind
    169. TickTick
    170. Wind
    171. TickTick
    172. Wind
    173. TickTick
    174. Wind
    175. TickTick
    176. Wind
    177. TickTick
    178. Wind
    179. TickTick
    180. Wind ×2
    181. LazarusLazarus
    182. Wind
    183. LazarusLazarus ×2
    184. Wind ×2
    185. TickTick ×4
    186. Wind
    187. TickTick ×7
    188. LazarusLazarus
    189. Wind
    190. NemesisNemesis
    191. LazarusLazarus
    192. Con turret
    193. Wind
    194. LazarusLazarus
    195. Wind
    196. Con turret
    197. TickTick ×2
    198. Wind
    199. TickTick ×2
    200. Wind ×2
    201. TickTick ×13

Counts are medians over the build's games: half of them build more, half fewer. The example game is [MooDeng]NongJohn's (41 OS, 29/09/2026); pick another.

Team trades

IN AT LEAST 30% OF ITS GAMES

You hand over

Nothing regular.

You get

  • Tidal Generator4 Tidal from Pondfirst at 0:10 · in 69% of games
  • Advanced Construction Bot1 T2 con bot from Geo or Techfirst at 7:30 · in 59% of games

How it plays out

Typical game of this build, running totals by minute

Metal produced

010k20k30k
0:005:0010:0015:00

metal

Enemy metal destroyed

05k10k
0:005:0010:0015:00

metal

Own metal lost

05k10k
0:005:0010:0015:00

metal

1529 games.

Show as table
ByMetal produced: This buildEnemy metal destroyed: This buildOwn metal lost: This build
1:0022600
2:0088800
3:002051180106
4:003161658496
5:00424314131026
6:00543322981789
7:00667031752710
8:00792040313619
9:00931747964495
10:001069954265316
11:001226559036054
12:001411365126830
13:001622270137536
14:001810976968373
15:002046683299249
WHAT THE NUMBERS SAY

Standard suicide front play wins slightly more than half its games with fast kills but also fast losses, matching the raw grind of the role.

  • + First kill lands by 2:04 in all games
  • + Metal produced reaches 19882 by 15:00
  • − Own metal lost hits 9208 by 15:00, near metal destroyed of 8172
  • − First unit lost as early as 2:08 in every game
THE EXAMPLE YOU ARE READING

[MooDeng]NongJohn

41.2 OS · 29/09/2026

Open source match ↗

5 received units · includes a constructor
785 metal received · 17465 energy received

Allied construction assistance is unknown. Timings are observations, not a promise of solo reproducibility.

Typical milestones

Bot Lab0:20Middle 50%: 0:20–0:33 · n=1522
Advanced Metal Extractor9:36Middle 50%: 8:41–10:48 · n=1128

Played most by

_X_253games of this buildPlatinumBlonde181games of this buildXad120games of this buildImmort73games of this buildwatermeloans60games of this build